 Dungeon Crawl Stone Soup version 0.22-a0-775-ga7d80019b5 (webtiles) character file.

1906 Mirvelgyr the Cleaver (level 8, -5/70 HPs)
             Began as a Minotaur Berserker on July 18, 2018.
             Was a Priest of Trog.
             Slain by a wyvern (10 damage)
             ... on level 7 of the Dungeon.
             The game lasted 00:07:05 (5411 turns).

Mirvelgyr the Cleaver (Minotaur Berserker)          Turns: 5411, Time: 00:07:06

Health: -5/70      AC: 12    Str: 24    XL:     8   Next: 94%
Magic:  7/7        EV:  8    Int:  4    God:    Trog [***...]
Gold:   422        SH:  0    Dex: 10    Spells: 7/7 levels left

rFire    . . .     SeeInvis +   u - +0 war axe
rCold    . . .     Gourm    +   (no shield)
rNeg     . . .     Faith    .   a - +0 plate armour
rPois    .         Spirit   .   (helmet restricted)
rElec    .         Reflect  .   (no cloak)
rCorr    .         Harm     .   (no gloves)
MR       .....                  (no boots)
Stlth    ..........             q - amulet of the gourmand
HPRegen  0.21/turn              v - ring of see invisible
MPRegen  0.10/turn              (no ring)

@: berserk cooldown, slowed, very slow
A: retaliatory headbutt, horns 2
a: Berserk, Trog's Hand, Renounce Religion


You were on level 7 of the Dungeon.
You worshipped Trog.
Trog was most pleased with you.
You were very full.

You visited 1 branch of the dungeon, and saw 7 of its levels.

You collected 422 gold pieces.

Inventory:

Hand Weapons
 u - a +0 war axe (weapon)
Armour
 a - a +0 plate armour (worn)
Jewellery
 q - an amulet of the gourmand (around neck)
 v - a ring of see invisible (left hand)
Wands
 l - a wand of flame (28)
 y - a wand of iceblast (8)
 z - a wand of paralysis (11)
Scrolls
 b - 2 scrolls of enchant armour {unknown}
 d - 3 scrolls of fear
 j - a scroll of noise {unknown}
 k - a scroll of blinking {unknown}
 m - 3 scrolls of remove curse
 o - 2 scrolls of amnesia {unknown}
 p - 2 scrolls of enchant weapon {unknown}
 r - 2 scrolls of identify
 t - 2 scrolls of teleportation {unknown}
 w - a scroll of brand weapon {unknown}
Potions
 e - a potion of flight {unknown}
 f - a potion of berserk rage {unknown}
 g - 2 potions of resistance
 h - 4 potions of heal wounds
 i - a potion of agility {unknown}
 n - a potion of curing {unknown}
 s - 3 potions of lignification {unknown}
 x - 2 potions of haste {unknown}
Comestibles
 c - 10 rations
 A - 2 chunks of flesh


   Skills:
 - Level 6.0 Fighting
 + Level 11.4 Axes
 - Level 5.4 Armour
 - Level 4.8 Dodging


You had 7 spell levels left.
You didn't know any spells.
Your spell library was empty.

Dungeon Overview and Level Annotations

Branches:
Dungeon (7/15)             Temple (0/1) D:7

Altars:
Nemelex Xobeh
Qazlal


Innate Abilities, Weirdness & Mutations

You reflexively headbutt those who attack you in melee.
You have a pair of horns on your head.


Message History

* * * LOW HITPOINT WARNING * * *
The wyvern bites you but does no damage.
You hit the wyvern but do no damage. You headbutt the wyvern!
The wyvern is almost dead.
The wyvern bites you.
* * * LOW HITPOINT WARNING * * *
The wyvern closely misses you.
You hit the wyvern but do no damage. Your headbutt misses the wyvern.
The wyvern is almost dead.
The wyvern bites you but does no damage.
The wyvern bites you!
* * * LOW HITPOINT WARNING * * *
You completely miss the wyvern. Your headbutt misses the wyvern.
The wyvern is almost dead.
Your skin stops crawling.
You feel less resistant to hostile enchantments.
The wyvern bites you.
* * * LOW HITPOINT WARNING * * *
The wyvern bites you!
You die...

.............. .......
##..#.....#..### .......
......#..##..###
.......##..#............
.......#.....#..##...###
.................#...#
...<...#...#.......#.###
......l##.##.#...#......
......)@.)(..##.##....[#
.......#.).:...........#
.......#....$##....#####
.......########...##
....... ##### ?......
......# .....#


You could see a wyvern.

Vanquished Creatures
  Menkaure (D:7)
  A water moccasin (D:5)
  2 ice beasts
  2 sky beasts
  2 ogres (D:5)
  Blork the orc (D:6)
  3 bullfrogs (D:7)
  5 wights (D:7)
  3 crimson imps
  A hound (D:6)
  5 orc wizards
  An iguana (D:4)
  4 worker ants
  A hound skeleton (D:5)
  Robin (D:2)
  9 adders
  A howler monkey skeleton (D:6)
  A shadow imp (D:5)
  3 oozes
  2 adder skeletons (D:4)
  6 worms
  2 dart slugs
  6 leopard geckos
  22 orcs
  9 bats
  4 giant cockroaches
  14 goblins
  9 hobgoblins
  2 jackals (D:1)
  4 kobolds (D:3)
  2 quokkas (D:6)
  A ball python (D:3)
  4 frilled lizards
  A quokka zombie (D:5)
  3 rats
138 creatures vanquished.

Notes
Turn   | Place    | Note
-------+----------+-------------------------------------------
     0 | D:1      | Mirvelgyr the Minotaur Berserker began the quest for the Orb.
     0 | D:1      | Reached XP level 1. HP: 19/19 MP: 0/0
    55 | D:1      | Reached XP level 2. HP: 26/27 MP: 1/1
   112 | D:1      | Reached skill level 4 in Axes
   377 | D:1      | Reached XP level 3. HP: 33/33 MP: 2/2
   557 | D:2      | Reached ** piety under Trog
   718 | D:2      | Found a sparkling altar of Nemelex Xobeh.
  1013 | D:2      | Noticed Robin
  1026 | D:2      | Killed Robin
  1026 | D:2      | Reached XP level 4. HP: 40/40 MP: 3/3
  1218 | D:2      | Found a faded altar of an unknown god.
  1669 | D:3      | Reached skill level 5 in Axes
  2188 | D:3      | Reached XP level 5. HP: 46/47 MP: 4/4
  3199 | D:4      | Reached XP level 6. HP: 52/55 MP: 5/5
  3203 | D:4      | Reached *** piety under Trog
  3239 | D:4      | Reached skill level 5 in Fighting
  3239 | D:4      | Reached skill level 6 in Axes
  3320 | D:4      | Found a stormy altar of Qazlal.
  3440 | D:5      | Entered Level 5 of the Dungeon
  3476 | D:5      | Noticed a water moccasin
  3476 | D:5      | Noticed an ice beast
  3483 | D:5      | Killed a water moccasin
  3485 | D:5      | Killed an ice beast
  3485 | D:5      | Reached XP level 7. HP: 38/61 MP: 6/6
  3487 | D:5      | Reached skill level 7 in Axes
  3589 | D:5      | Reached skill level 5 in Armour
  4587 | D:6      | Reached skill level 8 in Axes
  4589 | D:6      | Reached XP level 8. HP: 49/70 MP: 7/7
  4736 | D:6      | Noticed Blork the orc
  4750 | D:6      | Killed Blork the orc
  4750 | D:6      | Reached skill level 9 in Axes
  5082 | D:7      | Noticed Menkaure
  5091 | D:7      | Killed Menkaure
  5091 | D:7      | Reached skill level 10 in Axes
  5222 | D:7      | Found a staircase to the Ecumenical Temple.
  5387 | D:7      | Reached skill level 11 in Axes
  5411 | D:7      | Slain by a wyvern

Vault maps used:
D:1:      roderic_dead_forest
D:2:      first_ration, chequers_ecumenical_altar_simple_redux,
          kennysheep_nondescript, nemelex_dance_club_becter, uniq_robin
D:4:      lemuel_coloured_pillars_altar
D:5:      cheibrodos_sewer_entry_bend, minmay_misc_feat_five
D:6:      uniq_blork_the_orc
D:7:      temple_green, grunt_livestock, minmay_stone_trees_small,
          hangedman_decor_clover_reticule, minivault_5, uniq_menkaure

Skill      XL: |  1  2  3  4  5  6  7  8 |
---------------+-------------------------+-----
Axes           | 4 5 6 8 11 | 11.4
Armour         | 3 4 5 |  5.4
Fighting       | 4 5 6 |  6.0
Dodging        | 3 4 |  4.8

Action                   |  1- 3 |  4- 6 |  7- 9 || total
-------------------------+-------+-------+-------++-------
Melee: Hand axe          |    78 |    92 |       ||   170
       Headbutt          |     6 |    22 |    20 ||    48
       War axe           |       |    43 |   130 ||   173
Invok: Berserk           |     1 |     3 |     2 ||     6
       Trog's Hand       |       |     1 |     4 ||     5
  Use: Scroll            |       |     4 |       ||     4
  Eat: Chunk             |       |    11 |    14 ||    25
       Ration            |       |       |     1 ||     1
Armor: Animal skin       |     2 |       |       ||     2
       Leather armour    |    18 |       |       ||    18
       Ring mail         |    10 |     1 |       ||    11
       Scale mail        |       |    28 |     6 ||    34
       Plate armour      |       |       |    55 ||    55
       Chain mail        |       |       |     8 ||     8
Dodge: Dodged            |    48 |    59 |    53 ||   160

Table legend:
 A = Spawn XP
 B = Non-spawn XP
 C = Spawn XP percentage of total XP
 D = Spawn monster count
 E = Non-spawn monster count
 F = Spawn count percentage of total count
 G = Total turns spent on level
                    A         B        C        D         E        F      G
               +---------+---------+-------+---------+---------+-------+---------
         Total |       0 |    2723 |   0.0 |       0 |     138 |   0.0 |  5411
               +---------+---------+-------+---------+---------+-------+---------
           D:1 |       0 |      45 |   0.0 |       0 |      20 |   0.0 |   435
           D:2 |       0 |      69 |   0.0 |       0 |      20 |   0.0 |  1009
           D:3 |       0 |      96 |   0.0 |       0 |      30 |   0.0 |   989
           D:4 |       0 |     247 |   0.0 |       0 |      19 |   0.0 |  1007
           D:5 |       0 |     893 |   0.0 |       0 |      25 |   0.0 |  1090
           D:6 |       0 |     352 |   0.0 |       0 |       9 |   0.0 |   550
           D:7 |       0 |    1021 |   0.0 |       0 |      15 |   0.0 |   331
               +---------+---------+-------+---------+---------+-------+---------
